 Dungeon Sprint DCSS version 0.28.0 (webtiles) character file.

Game seed: 9618309278311234310

23 rocky1 the Digger (level 2, -1/15 HPs)
             Began as a Gargoyle Earth Elementalist on Feb 9, 2022.
             Was a Follower of Sif Muna.
             Slain by a scorpion (8 damage)
             ... in the Dungeon (Sprint VII: "The Pits").
             The game lasted 00:01:40 (480 turns).

rocky1 the Digger (Gargoyle Earth Elementalist)      Turns: 480, Time: 00:01:41

Health: -1/15      AC:  4    Str: 11    XL:     2   Next: 95%
Magic:  0/5        EV: 12    Int: 15    God:    Sif Muna [*.....]
Gold:   0          SH:  0    Dex: 10    Spells: 4/5 levels left

rFire   . . .      SeeInvis .   l - +2 quarterstaff
rCold   . . .      Faith    .   (shield currently unavailable)
rNeg    + . .      Spirit   .   b - +0 robe
rPois   ∞          Reflect  .   (no helmet)
rElec   +          Harm     .   (no cloak)
rCorr   .          Rampage  .   (no gloves)
Will    .....      NoTele   +   (no boots)
Stlth   ++........              (no amulet)
HPRegen 0.05/turn               (no ring)
MPRegen 0.09/turn               (no ring)

@: very slightly contaminated
A: sickness immunity, AC +2, negative energy resistance 1, electricity
resistance, torment resistance 1, petrification resistance
a: Renounce Religion, Channel Magic


You were in the Dungeon.
You worshipped Sif Muna.
Sif Muna was aware of your devotion.
You visited 1 branch

Inventory:

Hand Weapons
 l - a +2 quarterstaff (weapon)
 m - a +2 mace
Missiles
 i - 33 stones
Armour
 b - a +0 robe (worn)
Scrolls
 h - a scroll of blinking
 j - 5 scrolls of amnesia
 k - a scroll of summoning
Potions
 a - 2 potions of invisibility
 c - a potion of curing
 d - a potion of heal wounds
 e - a potion of haste
 f - 4 potions of magic
 g - 3 potions of berserk rage


   Skills:
 - Level 1.6 Dodging
 - Level 2.2 Stealth
 - Level 2.1 Spellcasting
 - Level 0.7 Transmutations
 + Level 7.5 Earth Magic


You had 4 spell levels left.
You knew the following spells:

 Your Spells              Type           Power      Damage    Failure   Level
a - Sandblast             Erth           48%        2d12      1%          1

Your spell library contained the following spells:

 Spells                   Type           Power      Damage    Failure   Level
 Passwall                 Tmut/Erth      10%        N/A       6%          2
 Stone Arrow              Conj/Erth      24%        3d8       14%         3
 Petrify                  Tmut/Erth      13%        N/A       38%         4


Dungeon Overview and Level Annotations

Branches:
Dungeon (1/1)

Altars:
Ashenzari
Cheibriados
Dithmenos
Elyvilon
Fedhas
Gozag
Hepliaklqana
Kikubaaqudgha
Makhleb
Nemelex Xobeh
Okawaru
Qazlal
Ru
Sif Muna
Trog
Uskayaw
Vehumet
Wu Jian
Xom
Yredelemnul
Zin
The Shining One
Beogh
Jiyva
Lugonu

Annotations:
D Harold


Innate Abilities, Weirdness & Mutations

You are immune to sickness and miasma.
Your stone body is resilient. (AC +2)
You are immune to poison.
You resist negative energy. (rN+)
You are resistant to electric shocks. (rElec)
You are resistant to unholy torment.
You are immune to petrification.


Message History

The scorpion is lightly wounded.
Unknown command.
Casting: Sandblast (safe; 1% risk of failure)
Confirm with . or Enter, or press ? or * to list all spells.
Aiming: Sandblast (safe; 1% risk of failure)
Press: ? - help, Shift-Dir - straight line, f/p - scorpion
Aim: a scorpion (lightly wounded, 81% to hit)
The blast of sand hits the scorpion!
The scorpion is heavily wounded.
The scorpion misses you.
Unknown command.
Casting: Sandblast (safe; 1% risk of failure)
Confirm with . or Enter, or press ? or * to list all spells.
Aiming: Sandblast (safe; 1% risk of failure)
Press: ? - help, Shift-Dir - straight line, f/p - scorpion
Aim: a scorpion (heavily wounded, 81% to hit)
The blast of sand hits the scorpion.
The scorpion is severely wounded.
The scorpion stings you!
Ouch! That really hurt!
The scorpion stings you but does no damage.
Casting: Sandblast (safe; 1% risk of failure)
Confirm with . or Enter, or press ? or * to list all spells.
Aiming: Sandblast (safe; 1% risk of failure)
Press: ? - help, Shift-Dir - straight line, f/p - scorpion
Aim: a scorpion (severely wounded, 81% to hit)
You miscast Sandblast.
You are very lightly contaminated with residual magic.
Nothing appears to happen.
The scorpion closely misses you.
Unknown command.
Casting: Sandblast (safe; 1% risk of failure)
Confirm with . or Enter, or press ? or * to list all spells.
Aiming: Sandblast (safe; 1% risk of failure)
Press: ? - help, Shift-Dir - straight line, f/p - scorpion
Aim: a scorpion (severely wounded, 81% to hit)
The blast of sand hits the scorpion but does no damage.
The scorpion is severely wounded.
The scorpion stings you!
Ouch! That really hurt!
You die...

#.?..')))'.##......#..#
##########.##..........
#..........)+..........
#+#####'#####......#..#
#...).# #..........
#.....# ####'#####+
###†### #.......##+
#.....# #.......##.
#...@.# #.......##.
####s## #...<...###
#.......s##.......# #
#Z......r##.......#
###########.......#
######### W @ ##


You could see a scorpion.

Vanquished Creatures
  A gnoll (D)
  An adder (D)
  A hobgoblin (D)
  A ball python skeleton (D)
  A kobold (D)
5 creatures vanquished.

Notes
Turn   | Place    | Note
-------+----------+-------------------------------------------
     0 | D        | rocky1 the Gargoyle Earth Elementalist began the quest for
                  | the Orb.
     0 | D        | Reached XP level 1. HP: 10/10 MP: 3/3
    16 | D        | Noticed a phantom
    16 | D        | Noticed Harold
   236 | D        | Found a bloodstained altar of Trog.
   236 | D        | Found a shimmering blue altar of Sif Muna.
   236 | D        | Found a viscous altar of Jiyva.
   236 | D        | Found a hazy altar of Hepliaklqana.
   236 | D        | Found an opulent altar of Gozag.
   237 | D        | Found a glowing golden altar of the Shining One.
   237 | D        | Found a glowing silver altar of Zin.
   237 | D        | Found a basalt altar of Yredelemnul.
   237 | D        | Found a shimmering altar of Xom.
   237 | D        | Found an ornate altar of the Wu Jian Council.
   237 | D        | Found a sacrificial altar of Ru.
   237 | D        | Found a stormy altar of Qazlal.
   237 | D        | Found an iron altar of Okawaru.
   237 | D        | Found a sparkling altar of Nemelex Xobeh.
   237 | D        | Found a burning altar of Makhleb.
   237 | D        | Found a blossoming altar of Fedhas.
   237 | D        | Found a white marble altar of Elyvilon.
   237 | D        | Found a shadowy altar of Dithmenos.
   237 | D        | Found a snail-covered altar of Cheibriados.
   240 | D        | Found a corrupted altar of Lugonu.
   240 | D        | Found a radiant altar of Vehumet.
   241 | D        | Found an ancient bone altar of Kikubaaqudgha.
   241 | D        | Found a hide-covered altar of Uskayaw.
   241 | D        | Found a broken altar of Ashenzari.
   242 | D        | Became a worshipper of Sif Muna the Loreminder
   286 | D        | Reached skill level 6 in Earth Magic
   286 | D        | Reached XP level 2. HP: 15/15 MP: 1/5
   288 | D        | Reached skill level 7 in Earth Magic
   446 | D        | Reached * piety under Sif Muna
   470 | D        | Noticed a scorpion
   470 | D        | Noticed a scorpion
   480 | D        | Slain by a scorpion

Illustrated notes

Levels and vault maps discovered:
D:        pitsprint [storerooms_1, entrance_room_1, metal_vault_5, armoury_1,
          mini_pit_1, grid_room_1, main_hall_1, silver_pit, the_coven_3,
          the_vestibule_1, steel_vault_3, golden_pit, hallway_of_sentries,
          crystal_vault_2, iron_vault_4, final_vault]

Skill      XL: |  1  2 |
---------------+-------+-----
Earth Magic    | 6 7 |  7.5
Dodging        | |  1.6
Stealth        | |  2.2
Spellcasting   | |  2.1
Transmutations | |  0.7

Action                   || total
-------------------------++-------
Melee: Unarmed           ||    10
       Punch             ||     1
       Quarterstaff      ||     8
 Cast: Sandblast         ||     7
Armor: Robe              ||     3
Dodge: Dodged            ||    12
